 Dungeon Crawl Stone Soup version 0.31.0-32-g396128a36d (webtiles) character file.

Game seed: 7140119016826047569

138 turdburglar the Changeling (level 5, -4/34 HPs)
             Began as an Octopode Shapeshifter on Apr 11, 2024.
             Slain by a gnoll
             ... wielding a +0 spear
              (6 damage)
             ... on level 3 of the Dungeon.
             The game lasted 00:02:11 (1183 turns).

turdburglar the Changeling (Octopode Shapeshifter)  Turns: 1183, Time: 00:02:12

Health: -4/34      AC:  1    Str: 15    XL:     5   Next: 21%
Magic:  5/5        EV: 13    Int: 13    God:
Gold:   71         SH:  0    Dex: 11    Spells: 4/4 levels left

rFire   . .          .
                       - Unarmed
rCold   . . .        (no shield)
rNeg    . . .        (helmet currently unavailable)
rPois   .            (no amulet)
rElec   .            (no ring)
rCorr   .            (no ring)
SInv    .            (no ring)
Will    .....        (no ring)
Stlth   +++          (no ring)
HPRegen 0.25/turn    (no ring)
MPRegen 0.09/turn    (no ring)
                     (no ring)

%: no passive effects
@: beast-form
A: beast (slay +2), almost no armour, amphibious, 8 rings, camouflage 1,
gelatinous body 1, (nimble swimmer 1), tentacles
a: Begin Untransformation


You were on level 3 of the Dungeon.
You were a hulking beast.
You visited 1 branch of the dungeon, and saw 3 of its levels.

You collected 71 gold pieces.

Inventory:

Talismans
 b - a beast talisman
 c - a flux talisman
Scrolls
 e - a scroll of fear
 h - 2 scrolls of blinking
 k - a scroll of immolation {unknown}
 l - a scroll of fog {unknown}
Potions
 a - a potion of lignification
 d - a potion of ambrosia {unknown}
 f - a potion of heal wounds
 g - a potion of enlightenment
 i - a potion of experience {unknown}
 j - a potion of brilliance {unknown}


   Skills:
 + Level 2.1 Fighting
 + Level 2.7 Dodging
 - Level 2.0 Stealth
 + Level 3.6 Unarmed Combat
 * Level 4.0 Shapeshifting


You had 4 spell levels left.
You didn't know any spells.
Your spell library was empty.

Dungeon Overview and Level Annotations

Branches:
Dungeon (3/15)

Altars:


Innate Abilities, Weirdness & Mutations

You are a hulking beast.
Your limbs bulge with bestial killing power. (Slay +2)
You cannot wear most types of armour.
You are amphibious.
You can wear up to eight rings at the same time.
Your skin changes colour to match your surroundings (Stealth+).
Your rubbery body absorbs attacks. (AC +1, EV +1)
((You are camouflaged when in or above water. (Stealth+)))
You have tentacles for arms and can constrict up to eight enemies at once.


Message History

HP restored.
A gnoll comes into view. It is wielding a +0 spear.
The gnoll moves out of view.
A gnoll is nearby!
No reachable target in view!
No reachable target in view!
No reachable target in view!
A gnoll is nearby!
The gnoll hits you from afar with a +0 spear. 2 gnolls come into view.
The gnoll shouts!
The gnoll hits you with a +0 spear!
The gnoll shouts!
You tentacle-slap the gnoll. You grab the gnoll.
The gnoll is moderately wounded.
You constrict the gnoll. The gnoll barely misses you.
A gnoll comes into view. It is wielding a +0 spear.
You completely miss the gnoll.
The gnoll shouts!
You squeeze the gnoll.
You kill the gnoll!
You see here a +0 spear.
The gnoll hits you from afar with a +0 spear!
The gnoll hits the plant with a +0 spear.
The plant begins to die.
The gnoll hits the plant with a +0 club!
The plant begins to die.
You see here a +0 spear.
The gnoll attacks as it pursues you!
The gnoll hits you from afar with a +0 spear!
* * * LOW HITPOINT WARNING * * *
You see here a +0 ring mail.
The gnoll attacks as it pursues you!
The gnoll hits you from afar with a +0 spear.
* * * LOW HITPOINT WARNING * * *
The gnoll attacks as it pursues you! The gnoll barely misses you.
The gnoll attacks as it pursues you! The gnoll completely misses you.
There is a stone staircase leading up here.
The gnoll hits you from afar with a +0 spear.
You die...

#.#.### #.#.#...
#.#.#..# #########
#.#.#..# #........
#>.<#..# #.#######
#......# #.#
#......# #.#
#.....####.#
#h.........#######
#..##....†........
#g.#....††........
#.#g.......#########
#.#.g......#
#.#........#
#.#........#
#.#........#
######.#[.#+#####


You could see 3 gnolls.

Vanquished Creatures
  A hound (D:3)
  5 adders (D:2)
  A gnoll (D:3)
  2 dart slugs
  7 endoplasms
  A giant cockroach (D:2)
  5 goblins
  3 hobgoblins
  4 jackals (D:3)
  2 ball pythons (D:2)
  8 bats
  2 frilled lizards
  5 kobolds
  3 rats
49 creatures vanquished.

Notes
Turn   | Place    | Note
-------+----------+-------------------------------------------
     0 | D:1      | turdburglar the Octopode Shapeshifter began the quest for
                  | the Orb.
     0 | D:1      | Reached XP level 1. HP: 13/13 MP: 1/1
    80 | D:1      | Reached XP level 2. HP: 18/18 MP: 2/2
   260 | D:1      | Reached XP level 3. HP: 18/23 MP: 3/3
   542 | D:2      | Reached skill level 1 in Stealth
   677 | D:2      | Reached XP level 4. HP: 29/29 MP: 4/4
  1008 | D:3      | Reached XP level 5. HP: 22/34 MP: 5/5
  1072 | D:3      | Reached skill level 4 in Shapeshifting
  1178 | D:3      | HP: 1/34 [gnoll/+0 spear (6)]
  1183 | D:3      | Slain by a gnoll

Illustrated notes

Levels and vault maps discovered:
D:1:      dpeg_arrival_rooms_b, layout_rooms, corexii_leaking_fountain
D:2:      layout_basic, chequers_serial_rivers_micro_a, serial_bayou_pond_d
D:3:      layout_basic, shapermc_ecumenical_altar_pompeii, nicolae_grassy_gnolls

Skill      XL: |  1  2  3  4  5 |
---------------+----------------+-----
Stealth        | 1 2 |  2.0
Fighting       | 2 |  2.1
Shapeshifting  | 4 |  4.0
Dodging        | |  2.7
Unarmed Combat | |  3.6

Action                     |  1- 3 |  4- 6 || total
---------------------------+-------+-------++-------
  Melee: Unarmed           |    56 |    38 ||    94
         Constrict         |    11 |    12 ||    23
         Tentacles         |    10 |     7 ||    17
         Punch             |       |     2 ||     2
    Use: Scroll            |     4 |       ||     4
   Stab: Sleeping          |     8 |     3 ||    11
 Armour: Skin              |    19 |    27 ||    46
  Dodge: Dodged            |    38 |    31 ||    69
